 Dungeon Crawl Stone Soup version 0.22.1-2-g9c5b331 (webtiles) character file.

751 empire the Carver (level 7, 0/59 HPs)
             Began as a Minotaur Fighter on Nov 20, 2018.
             Slain by Prince Ribbit (11 damage)
             ... on level 5 of the Dungeon.
             The game lasted 00:06:14 (3794 turns).

empire the Carver (Minotaur Fighter)                Turns: 3794, Time: 00:06:15

Health: 0/59       AC:  0    Str: 22    XL:     7   Next: 49%
Magic:  6/6        EV:  9    Int:  5    God:
Gold:   142        SH: 10    Dex: 10    Spells: 6/6 levels left

rFire    . . .     SeeInvis .   a - +0 long sword
rCold    . . .     Gourm    .   c - +1 shield
rNeg     . . .     Faith    .   b - +0 scale mail
rPois    .         Spirit   .   (helmet restricted)
rElec    .         Reflect  .   (no cloak)
rCorr    .         Harm     .   (no gloves)
MR       .....                  (no boots)
Stlth    ..........             (no amulet)
HPRegen  0.19/turn              (no ring)
MPRegen  0.10/turn              (no ring)

@: corroded
A: retaliatory headbutt, horns 2
a: no special abilities


You were on level 5 of the Dungeon.
You were hungry.

You visited 2 branches of the dungeon, and saw 6 of its levels.

You collected 142 gold pieces.

Inventory:

Hand Weapons
 a - a +0 long sword (weapon)
Armour
 b - a +0 scale mail (worn)
 c - a +1 shield (worn)
Wands
 o - a wand of polymorph (12)
Scrolls
 e - 5 scrolls of teleportation
 g - a scroll of fog
 k - a scroll of identify
 m - a scroll of enchant armour
 p - 2 scrolls of remove curse
 r - a scroll of magic mapping {unknown}
Potions
 d - 2 potions of might
 h - a potion of degeneration
 i - a potion of curing
 j - a potion of agility
 l - a potion of lignification
 n - a potion of heal wounds {unknown}
 q - a potion of berserk rage
Comestibles
 f - 5 rations


   Skills:
 - Level 4.0 Fighting
 * Level 8.7 Long Blades
 - Level 4.0 Armour
 - Level 4.0 Dodging
 - Level 4.0 Shields


You had 6 spell levels left.
You didn't know any spells.
Your spell library was empty.

Dungeon Overview and Level Annotations

Branches:
Dungeon (5/15)             Temple (1/1) D:4

Altars:
Ashenzari
Dithmenos
Elyvilon
Gozag
Kikubaaqudgha
Makhleb
Nemelex Xobeh
Okawaru
Qazlal
Ru
Sif Muna
Uskayaw
Vehumet
Wu Jian
Xom
Yredelemnul
Zin
Jiyva

Annotations:
D:5 Prince Ribbit


Innate Abilities, Weirdness & Mutations

You reflexively headbutt those who attack you in melee.
You have a pair of horns on your head.


Message History

Found 6 poisoned needles.
Found an escape hatch in the floor.
You closely miss Prince Ribbit. Your headbutt misses Prince Ribbit.
Prince Ribbit closely misses you. You furiously retaliate!
You headbutt Prince Ribbit, but do no damage.
You riposte.
You hit Prince Ribbit but do no damage. You miss Prince Ribbit.
Your headbutt misses Prince Ribbit. Prince Ribbit hits you!
You block Prince Ribbit's attack.
You closely miss Prince Ribbit. You block Prince Ribbit's attack.
You hit Prince Ribbit.
You headbutt Prince Ribbit, but do no damage.
Prince Ribbit is lightly wounded.
Prince Ribbit blinks!
Prince Ribbit blinks!
Found 17 stones.
Prince Ribbit hits you!!
* * * LOW HITPOINT WARNING * * *
You see here a scroll labeled BEICHYN WORATA.
r - a scroll labeled BEICHYN WORATA Prince Ribbit hits you!
You die...

#.####).# #......<#
#.....# ######.##
#...(.# ### ###.###
#.....##..
#.....###>....#.#
#.#.#.##.......#
#.#.#.##(......#
##.#.#.##.......##
#.......##..@.##.###.
#.......##.F........#
#.##.##.##.##.##.#.##
# #.....#.##.##.#
####..#.......#
#####..#.##..###
..............#
#########.#........
#.#.#.###.#


You could see Prince Ribbit.

Vanquished Creatures
  Sigmund (D:2)
  An ogre (D:5)
  2 scorpions
  A jelly (D:5)
  An orc priest (D:3)
  Jessica (D:2)
  4 orc wizards (D:4)
  2 worker ants (D:4)
  A howler monkey skeleton (D:4)
  5 adders
  An ooze (D:3)
  5 worms
  2 dart slugs
  4 leopard geckos
  14 orcs
  4 giant cockroaches
  6 goblins
  7 hobgoblins
  4 jackals (D:2)
  4 kobolds
  2 quokkas
  2 ball pythons (D:3)
  11 bats
  5 frilled lizards
  5 rats
95 creatures vanquished.

Notes
Turn   | Place    | Note
-------+----------+-------------------------------------------
     0 | D:1      | empire the Minotaur Fighter began the quest for the Orb.
     0 | D:1      | Reached XP level 1. HP: 19/19 MP: 0/0
   194 | D:1      | Reached XP level 2. HP: 26/27 MP: 1/1
   473 | D:2      | Reached skill level 3 in Long Blades
   481 | D:2      | Reached XP level 3. HP: 22/33 MP: 2/2
   524 | D:2      | Reached skill level 1 in Dodging
   928 | D:2      | Noticed Sigmund
   940 | D:2      | Killed Sigmund
   940 | D:2      | Reached skill level 5 in Long Blades
   940 | D:2      | Reached XP level 4. HP: 5/40 MP: 3/3
   940 | D:2      | Reached XP level 5. HP: 6/46 MP: 4/4
  1749 | D:2      | Noticed Jessica
  1760 | D:2      | Killed Jessica
  1760 | D:2      | Reached skill level 6 in Long Blades
  1760 | D:2      | Reached XP level 6. HP: 48/52 MP: 5/5
  2050 | D:3      | Found a shadowy altar of Dithmenos.
  2070 | D:3      | Found a shimmering altar of Xom.
  2077 | D:3      | Found an ornate altar of the Wu Jian Council.
  2082 | D:3      | Found a sacrificial altar of Ru.
  2183 | D:3      | Found a deep blue altar of Sif Muna.
  2183 | D:3      | Found a sparkling altar of Nemelex Xobeh.
  2390 | D:3      | Found an ancient bone altar of Kikubaaqudgha.
  2949 | D:4      | Reached skill level 7 in Long Blades
  3092 | D:4      | Reached XP level 7. HP: 41/59 MP: 6/6
  3208 | D:4      | Reached skill level 8 in Long Blades
  3326 | D:4      | Found a staircase to the Ecumenical Temple.
  3344 | D:4      | Found an iron altar of Okawaru.
  3566 | Temple   | Entered the Ecumenical Temple
  3741 | D:5      | Entered Level 5 of the Dungeon
  3785 | D:5      | Noticed Prince Ribbit
  3794 | D:5      | Slain by Prince Ribbit

Skill      XL: |  1  2  3  4  5  6  7 |
---------------+----------------------+-----
Long Blades    | 3 5 6 7 8 |  8.7
Fighting       | 4 |  4.0
Dodging        | 3 4 |  4.0
Armour         | 4 |  4.0
Shields        | 4 |  4.0

Action                   |  1- 3 |  4- 6 |  7- 9 || total
-------------------------+-------+-------+-------++-------
Melee: Long sword        |   108 |   167 |    41 ||   316
       Headbutt          |    15 |    24 |    13 ||    52
  Use: Potion            |     1 |       |       ||     1
       Scroll            |       |     8 |       ||     8
  Eat: Chunk             |       |     7 |     2 ||     9
Armor: Scale mail        |    52 |    48 |    15 ||   115
Dodge: Dodged            |    41 |    56 |    22 ||   119
Block: Shield            |    70 |    84 |    29 ||   183
       Rpst.: Long sword |     9 |    11 |     6 ||    26
